 Dungeon Crawl Stone Soup version 0.20.1-1-g8b1a95d (webtiles) character file.

1214 HeyBub the Ruffian (level 8, -14/59 HPs)
             Began as a Demigod Transmuter on July 18, 2017.
             Demolished by an orc warrior
             ... wielding a +0 short sword
              (16 damage)
             ... on level 6 of the Dungeon.
             The game lasted 00:11:39 (5336 turns).

HeyBub the Ruffian (Demigod Transmuter)             Turns: 5336, Time: 00:11:40

Health: -14/59     AC: 11    Str: 24    XL:     8   Next: 2%
Magic:  13/17      EV: 13    Int: 17    God:
Gold:   273        SH:  0    Dex: 18    Spells: 11/15 levels left

rFire    + . .     SeeInvis .     - Unarmed
rCold    + . .     Gourm    .   (no shield)
rNeg     . . .     Faith    .   p - +1 leather armour of Romm {rF+ Str+7} (curse)
rPois    .         Spirit   .   b - +0 helmet (curse)
rElec    +         Reflect  .   n - +1 cloak
rCorr    .         Harm     .   v - +1 pair of gloves
MR       +....                  t - +1 pair of boots "Kajull" {rC+ MR+ Slay-4 Stlth+}
Stlth    +++.......             (no amulet)
Regen    0.2/turn               (no ring)
MPRegen  0.2/turn               (no ring)

@: confusing touch, very slightly contaminated
A: agile 1, high mp 1, electricity resistance
a: no special abilities


You were on level 6 of the Dungeon.
You were not hungry.

You visited 1 branch of the dungeon, and saw 6 of its levels.

You collected 273 gold pieces.

Inventory:

Missiles
 a - 10 arrows
Armour
 b - a cursed +0 helmet (worn)
 n - a +1 cloak (worn)
 p - the cursed +1 leather armour of Romm (worn) {rF+ Str+7}
   (You found it on level 5 of the Dungeon)

   It affects your strength (+7).
   It protects you from fire.
   It has a curse placed upon it.
 t - the +1 pair of boots "Kajull" (worn) {rC+ MR+ Slay-4 Stlth+}
   (You found it on level 6 of the Dungeon)

   It affects your accuracy and damage with ranged weapons and melee attacks
   (-4).
   It protects you from cold.
   It affects your resistance to hostile enchantments.
   It makes you more stealthy.
 v - a +1 pair of gloves (worn)
Wands
 u - a wand of random effects (32/48)
Scrolls
 f - a scroll of fear
 i - a scroll of fog
 k - 3 scrolls of remove curse
 q - a scroll of enchant armour
 s - 2 scrolls of teleportation
Potions
 e - a potion of curing {unknown}
 g - a potion of berserk rage
 h - a potion of brilliance
 j - a potion of flight {unknown}
 l - 3 potions of haste {unknown}
 m - a potion of might {unknown}
 r - a potion of heal wounds {unknown}
 w - 2 potions of lignification {unknown}
Books
 c - a book of Changes

   Spells                             Type                      Level
   a - Beastly Appendage              Transmutation                1
   b - Sticks to Snakes               Transmutation                2
   c - Spider Form                    Transmutation/Poison         3
   d - Ice Form                       Ice/Transmutation            4
   e - Blade Hands                    Transmutation                5
 o - a book of Cantrips

   Spells                             Type                      Level
   a - Confusing Touch                Hexes                        1
   b - Animate Skeleton               Necromancy                   1
   c - Summon Small Mammal            Summoning                    1
   d - Apportation                    Translocation                1
Comestibles
 d - 5 bread rations


   Skills:
 + Level 1.5 Fighting
 + Level 2.9 Armour
 + Level 3.2 Dodging
 + Level 0.8 Stealth
 + Level 5.8 Unarmed Combat
 + Level 4.1 Spellcasting
 + Level 0.5 Hexes
 + Level 4.1 Transmutations


You had 11 spell levels left.
You knew the following spells:

 Your Spells              Type           Power        Failure   Level  Hunger
a - Beastly Appendage     Tmut           ###...       3%          1    None
b - Sticks to Snakes      Tmut           ###.....     4%          2    ##.....
c - Confusing Touch       Hex            #.....       14%         1    None


Dungeon Overview and Level Annotations

Branches:
Dungeon (6/15)             Temple (0/1) D:4


Innate Abilities, Weirdness & Mutations

You have an increased reservoir of magic. (+10% MP)
You are agile. (Dex +2)
You are resistant to electric shocks. (rElec)


Message History

* * * LOW HITPOINT WARNING * * *
Casting: Confusing Touch
Confirm with . or Enter, or press ? or * to list all spells.
Your hands begin to glow red.
The crimson imp hits the orc warrior but does no damage.
The orc warrior completely misses you.
You closely miss the orc warrior.
The orc warrior is lightly wounded.
You hit the orc warrior but do no damage.
The orc warrior is lightly wounded.
The orc warrior hits you with a short sword.
* * * LOW HITPOINT WARNING * * *
You closely miss the orc warrior.
The orc warrior is lightly wounded.
The orc warrior hits you with a short sword!
* * * LOW HITPOINT WARNING * * *
You hit the orc warrior but do no damage.
The orc warrior is lightly wounded.
The orc warrior hits you with a short sword!
You die...

#.............
#...#........# #.
#...#.......### ..
#..........(.... ..
............... ##.
...........#. ..
###o...#...... #. . #
#5..@.......# #.##
>...#.#.###.....#. #.<#
......))........# # #..#
..#.#.######..### #.####..#
.. #.......#.......)..
...#####.####............#
...........................
#...#####.#####..##.#####.#
. ........#####.....# #.#


You could see an orc warrior and a crimson imp (confused).

Vanquished Creatures
  Grinder (D:4)
  A sky beast (D:5)
  A black bear (D:6)
  A necrophage (D:6)
  2 ogres
  A phantom (D:6)
  A crimson imp (D:5)
  A quasit (D:5)
  An orc wizard (D:4)
  Jessica (D:3)
  An iguana (D:4)
  5 worker ants
  2 hound skeletons (D:6)
  A howler monkey skeleton (D:5)
  4 adders
  6 oozes
  6 dart slugs
  6 leopard geckos
  19 orcs
  A giant cockroach (D:3)
  10 goblins
  9 hobgoblins
  11 jackals
  6 kobolds
  3 quokkas
  4 ball pythons
  10 bats
  5 frilled lizards
  A jackal skeleton (D:4)
  3 rats
124 creatures vanquished.

Vanquished Creatures (collateral kills)
  An ogre (D:4)
1 creature vanquished.

Grand Total: 125 creatures vanquished

Notes
Turn   | Place    | Note
-------+----------+-------------------------------------------
     0 | D:1      | HeyBub the Demigod Transmuter began the quest for the Orb.
     0 | D:1      | Reached XP level 1. HP: 15/15 MP: 5/5
    48 | D:1      | Reached skill level 3 in Unarmed Combat
    57 | D:1      | Reached XP level 2. HP: 15/22 MP: 5/7
   743 | D:1      | Reached XP level 3. HP: 27/27 MP: 6/8
  1175 | D:2      | Reached skill level 1 in Fighting
  1432 | D:2      | Reached XP level 4. HP: 35/35 MP: 10/10
  1874 | D:3      | Reached skill level 1 in Armour
  2024 | D:3      | Noticed Jessica
  2032 | D:3      | Killed Jessica
  2236 | D:3      | Reached skill level 4 in Unarmed Combat
  2236 | D:3      | Reached XP level 5. HP: 40/40 MP: 11/11
  2598 | D:4      | Found a staircase to the Ecumenical Temple.
  3038 | D:4      | Learned a level 2 spell: Sticks to Snakes
  3080 | D:4      | Noticed Grinder
  3084 | D:4      | Paralysed by Grinder for 7 turns
  3099 | D:4      | Killed Grinder
  3099 | D:4      | Reached XP level 6. HP: 14/47 MP: 11/13
  3512 | D:4      | Reached skill level 5 in Unarmed Combat
  3816 | D:4      | Gained mutation: You are resistant to electric shocks. (rElec) [potion of mutation]
  3816 | D:4      | Gained mutation: You are agile. (Dex +2) [potion of mutation]
  3816 | D:4      | Reached XP level 7. HP: 7/52 MP: 14/14
  4279 | D:4      | Found a sacrificial altar of Ru.
  4479 | D:5      | Entered Level 5 of the Dungeon
  4609 | D:5      | Got an ancient leather armour
  4620 | D:5      | Identified the cursed +1 leather armour of Romm {rF+ Str+7} (You found it on level 5 of the Dungeon)
  4877 | D:5      | Learned a level 1 spell: Confusing Touch
  5147 | D:6      | Found a blossoming altar of Fedhas.
  5214 | D:6      | Found a burning altar of Makhleb.
  5233 | D:6      | Got a pair of transparent boots
  5253 | D:6      | Identified the +1 pair of boots "Kajull" {rC+ MR+ Slay-4 Stlth+} (You found it on level 6 of the Dungeon)
  5320 | D:6      | Reached XP level 8. HP: 19/59 MP: 13/17
  5335 | D:6      | HP: 2/59 [orc warrior/short sword (9)]
  5336 | D:6      | Demolished by an orc warrior

Skill      XL: |  1  2  3  4  5  6  7 |
---------------+----------------------+-----
Unarmed Combat | 3 4 5 |  5.8
Transmutations | 2 3 4 |  4.1
Spellcasting   | 2 3 4 |  4.1
Fighting       | 1 |  1.5
Dodging        | 2 3 |  3.2
Armour         | 1 2 |  2.9
Stealth        | |  0.8
Hexes          | |  0.5

Action                   |  1- 3 |  4- 6 |  7- 9 || total
-------------------------+-------+-------+-------++-------
Melee: Unarmed           |   121 |   236 |   140 ||   497
       Kick              |    18 |    29 |    22 ||    69
       Headbutt          |    10 |    21 |     7 ||    38
       Punch             |     3 |     3 |     5 ||    11
 Cast: Beastly Appendage |    21 |    45 |    16 ||    82
       Sticks to Snakes  |       |     2 |       ||     2
       Confusing Touch   |       |       |     9 ||     9
Evoke: Wand              |       |     1 |       ||     1
  Use: Scroll            |       |    14 |     1 ||    15
       Potion            |       |     4 |       ||     4
 Stab: Paralysed         |       |     1 |       ||     1
       Confused          |       |       |     2 ||     2
  Eat: Chunk             |     2 |     5 |     1 ||     8
       Bread ration      |       |     1 |       ||     1
       Meat ration       |       |       |     1 ||     1
Armor: Robe              |     1 |       |       ||     1
       Ring mail         |    55 |    82 |     2 ||   139
       Leather armour    |       |       |    43 ||    43
Dodge: Dodged            |    94 |   119 |    87 ||   300
